 Dungeon Crawl Stone Soup version 0.27-a0-46-g34d46f0a3f (webtiles) character file.

Game seed: 6246767078939974377

214 Essalna the Magician (level 5, -5/28 HPs)
             Began as a Deep Elf Air Elementalist on Jan 6, 2021.
             Slain by a hell knight
             ... wielding a +4 scimitar of flaming
              (20 damage)
             ... on level 1 of the Abyss.
             The game lasted 00:07:20 (3401 turns).

Essalna the Magician (Deep Elf Air Elementalist)    Turns: 3401, Time: 00:07:20

Health: -5/28      AC:  8    Str:  5    XL:     5   Next: 59%
Magic:  15/15      EV: 13    Int: 21    God:
Gold:   217        SH:  0    Dex: 15    Spells: 9/16 levels left

rFire    + . .     SeeInvis .   n - +0 short sword (elec)
rCold    + . .     Faith    .   (no shield)
rNeg     . . .     Spirit   .   a - +0 robe
rPois    +         Reflect  .   v - +1 helmet
rElec    .         Harm     .   i - scarf {rC+ rF+}
rCorr    .         Rampage  .   (no gloves)
Will     .....                  (no boots)
Stlth    ++........             (no amulet)
HPRegen  0.09/turn              l - +4 ring of protection
MPRegen  0.14/turn              u - ring of poison resistance

@: no status effects
A: no striking features
a: no special abilities


You were on level 1 of the Abyss.
You visited 1 branch of the dungeon, and saw 3 of its levels.
You visited the Abyss 1 time.

You collected 217 gold pieces.

Inventory:

Hand Weapons
 b - a +0 dagger
 n - a +0 short sword of electrocution (weapon)
Armour
 a - a +0 robe (worn)
 i - a scarf of resistance (worn)
 o - a +0 helmet
 v - a +1 helmet (worn)
Jewellery
 l - a +4 ring of protection (left hand)
 u - a ring of poison resistance (right hand)
Wands
 r - a wand of digging (1)
Scrolls
 c - a scroll of remove curse {unknown}
 d - 3 scrolls of magic mapping {unknown}
 e - a scroll of random uselessness {unknown}
 h - 2 scrolls of amnesia {unknown}
 j - 2 scrolls of teleportation {unknown}
 m - a scroll of blinking {unknown}
 t - a scroll of fog
 w - 2 scrolls of identify
Potions
 f - 2 potions of flight {unknown}
 g - 2 potions of cancellation {unknown}
 k - 3 potions of curing {unknown}
 p - a potion of heal wounds {unknown}
 q - 2 potions of berserk rage {unknown}
 s - a potion of might {unknown}
 x - a potion of haste {unknown}
 z - a potion of invisibility {unknown}


   Skills:
 - Level 2.4 Dodging
 - Level 2.4 Stealth
 + Level 6.0 Spellcasting
 - Level 1.1 Conjurations
 + Level 5.0 Air Magic


You had 9 spell levels left.
You knew the following spells:

 Your Spells              Type           Power        Failure   Level
a - Shock                 Conj/Air       76%          2%          1
b - Swiftness             Air            27%          1%          2
c - Airstrike             Air            13%          12%         4

Your spell library contained the following spells:

 Spells                   Type           Power        Failure   Level
 Static Discharge         Conj/Air       19%          9%          3
 Lightning Bolt           Conj/Air       9%           61%         5


Dungeon Overview and Level Annotations

Branches:
Dungeon (3/15)

Altars:
Fedhas
Gozag
Ru
Yredelemnul
Zin

Annotations:
D:3 Crazy Yiuf


Message History

The hell knight gestures at you while chanting.
The puff of flame misses you.
A hell knight comes into view.
It is wielding a +3 great mace of flaming.
You hear a shout!
A hell knight comes into view. It is wielding a +1 battleaxe.
A small abomination comes into view.
The hell knight casts a spell.
The hell knight seems to speed up.
The hell knight gestures at you while chanting.
The puff of flame hits you. You resist. The hell knight barely misses you.
The hell knight hits you with a +4 scimitar of flaming.
The hell knight burns you.
Okay, then.
As you read the scroll labelled LOABLU WOIPAALL, it crumbles to dust.
It is a scroll of identify.
t - a scroll of fog The hell knight hits you with a +4 scimitar of flaming!!
Ouch! That really hurt!
You die...

# .. ##.. ..# . # .
... ..#..#. ..##.
.. #.# .#..# ..
..#. #. ##.##.##.##
.....#.
#.#...##..#..##.#.
..#
#...##...##..#....#
. .# ##.......#
.#.. ## #
##..p##.#... ## .#
... #.@### .#..# ..
# #.## ##..## . .#
...#. #.#......# .
..#.## . ..###.....
. ).. ..# #.#.#. .
####... #.. # .# #
## # # .. # .. . .
# ..#.. #. .# ##
...# # ##


You could see a hell knight (fast).

Vanquished Creatures
  A phantom (D:3)
  4 adders
  4 worms (D:2)
  3 dart slugs
  3 leopard geckos (D:1)
  4 orcs (D:3)
  2 giant cockroaches (D:1)
  12 goblins
  7 hobgoblins
  9 kobolds
  A quokka (D:3)
  5 bats
  4 frilled lizards
  9 rats
68 creatures vanquished.

Notes
Turn   | Place    | Note
-------+----------+-------------------------------------------
     0 | D:1      | Essalna the Deep Elf Air Elementalist began the quest for
                  | the Orb.
     0 | D:1      | Reached XP level 1. HP: 10/10 MP: 6/6
   128 | D:1      | Reached XP level 2. HP: 14/15 MP: 1/8
   759 | D:1      | Reached skill level 4 in Spellcasting
   866 | D:1      | Reached XP level 3. HP: 19/19 MP: 5/10
  1374 | D:2      | Found a glowing silver altar of Zin.
  1755 | D:2      | Found a sacrificial altar of Ru.
  1768 | D:2      | Reached XP level 4. HP: 24/24 MP: 7/12
  1955 | D:2      | Found a basalt altar of Yredelemnul.
  2104 | D:2      | Found an opulent altar of Gozag.
  2156 | D:3      | Reached skill level 5 in Spellcasting
  2231 | D:3      | Learned a level 2 spell: Swiftness
  2236 | D:3      | Learned a level 4 spell: Airstrike
  2319 | D:3      | Found a blossoming altar of Fedhas.
  2511 | D:3      | Noticed a phantom
  2534 | D:3      | Killed a phantom
  2535 | D:3      | Reached XP level 5. HP: 13/28 MP: 1/15
  2922 | D:3      | Found a runed translucent door.
  2923 | D:3      | Noticed Crazy Yiuf
  3116 | D:3      | Reached skill level 6 in Spellcasting
  3129 | D:3      | Reached skill level 5 in Air Magic
  3320 | D:3      | Cast into level 1 of the Abyss (Crazy Yiuf)
  3326 | Abyss:1  | Found an ornate altar of the Wu Jian Council.
  3354 | Abyss:1  | Noticed a large abomination
  3368 | Abyss:1  | Noticed a large abomination
  3381 | Abyss:1  | Noticed a hell knight
  3381 | Abyss:1  | Noticed a hell knight
  3390 | Abyss:1  | Noticed a hell knight
  3393 | Abyss:1  | Noticed a small abomination
  3401 | Abyss:1  | Slain by a hell knight

Illustrated notes

Levels and vault maps discovered:
D:1:      minmay_arrival_hallway, layout_loops_cross, minmay_quantized
D:2:      layout_basic, pdpol_temple_overflow_zin_treasury_gozag_greed,
          nicolae_ru_awakened_eye, general_overflow_altar
D:3:      layout_basic, fedhas_altar_2, uniq_crazy_yiuf_cottage
Abyss:1:  base:
D:2

Skill      XL: |  1  2  3  4  5 |
---------------+----------------+-----
Spellcasting   | 4 5 6 |  6.0
Air Magic      | 4 5 |  5.0
Dodging        | |  2.4
Stealth        | |  2.4
Conjurations   | |  1.1

Action                   |  1- 3 |  4- 6 || total
-------------------------+-------+-------++-------
Melee: Dagger            |    11 |       ||    11
       Short sword       |       |    23 ||    23
 Cast: Shock             |    89 |    64 ||   153
  Use: Scroll            |       |     1 ||     1
 Stab: Sleeping          |       |     2 ||     2
Armor: Robe              |    10 |    10 ||    20
Dodge: Dodged            |    19 |    29 ||    48

Table legend: (Time is in decaauts)
 A = Elapsed time spent in this place.
 B = Non-inter-level travel time spent in this place.
 C = Inter-level travel time spent in this place.
 D = Time resting spent in this place.
 E = Time spent auto-exploring this place.
 F = Levels seen in this place.
 G = Mean time per level.
                   A        B        C        D        E       F      G
               +--------+--------+--------+--------+--------+-----+--------+
         Total |   3401 |   3384 |     17 |      0 |   2919 |   4 |  850.2 |
       Dungeon |   3320 |   3303 |     17 |      0 |   2919 |   3 | 1106.7 |
         Abyss |     80 |     80 |      0 |      0 |      0 |   1 |   80.0 |
               +--------+--------+--------+--------+--------+-----+--------+

Top non-repeatable levels by time:
     D:1: 1236 daAuts
     D:3: 1171 daAuts
     D:2: 912 daAuts
 Abyss:1: 80 daAuts
